 Dungeon Crawl Stone Soup version 0.19-a0-790-ge39e1af (webtiles) character file.

4328 RadicalRoach the Basher (level 10, -5/74 HPs)
             Began as a Demonspawn Gladiator on June 26, 2016.
             Was a Follower of Makhleb.
             Slain by Maud
             ... wielding a +3 demon trident of draining
              (7 damage)
             ... on level 10 of the Dungeon.
             The game lasted 00:41:31 (10617 turns).

RadicalRoach the Basher (Demonspawn Gladiator)     Turns: 10617, Time: 00:41:31

Health: -5/74      AC:  7    Str: 15    XL:     10   Next: 12%
Magic:  10/10      EV: 13    Int: 10    God:    Makhleb [*.....]
Gold:   432        SH:  0    Dex: 17    Spells: 0 memorised, 9 levels left

rFire  . . .     SeeInvis .     t - +2 whip (elec)
rCold  . . .     Gourm    .     o - +0 ring mail
rNeg   + . .     Faith    .     (no shield)
rPois  .         Spirit   .     (helmet restricted)
rElec  .         Dismiss  .     D - +0 cloak
rCorr  .         Reflect  .     w - +0 pair of gloves
SustAt .         Harm     .     (no boots)
MR     .....                    (no amulet)
Stlth  ++........               j - ring of positive energy
                                I - ring of stealth

@: drained, not resistant to hostile enchantments, unstealthy
A: claws 2, horns 1, talons 2, demonic guardian 1, foul stench 1, rot immunity
a: Renounce Religion


You were on level 10 of the Dungeon.
You worshipped Makhleb.
Makhleb was aware of your devotion.
You were hungry.

You visited 2 branches of the dungeon, and saw 11 of its levels.

You collected 432 gold pieces.

Inventory:

Hand Weapons
 t - a +2 whip of electrocution (weapon)
Missiles
 l - 48 poisoned needles
Armour
 o - a +0 ring mail (worn)
 w - a +0 pair of gloves (worn)
 D - a +0 cloak (worn)
Jewellery
 j - a ring of positive energy (right hand)
 m - an uncursed amulet of rage
 I - a ring of stealth (left hand)
 P - an uncursed ring of fire
Wands
 n - a wand of flame (2/48)
 s - a wand of polymorph (8/24)
 F - a wand of paralysis (10/24)
 N - a wand of paralysis (15/24)
 Q - a wand of polymorph (4/24)
Scrolls
 b - a scroll of blinking
 e - 9 scrolls of remove curse
 h - 2 scrolls of identify
 k - 3 scrolls of enchant armour {unknown}
 p - 6 scrolls of teleportation {unknown}
 x - 2 scrolls of magic mapping
 y - 2 scrolls of enchant weapon {unknown}
 J - a scroll of immolation {unknown}
 M - a scroll of recharging
Potions
 c - 2 potions of cure mutation {unknown}
 g - a potion of berserk rage {unknown}
 q - a potion of lignification {unknown}
 r - a potion of mutation {unknown}
 u - 2 potions of heal wounds
 v - a potion of curing
 z - 2 potions of cancellation {unknown}
 A - a potion of haste {unknown}
 B - 2 potions of might
 C - a potion of flight {unknown}
 E - a potion of agility {unknown}
 G - a potion of resistance {unknown}
 L - 4 potions of degeneration {unknown}
Comestibles
 a - 3 beef jerkies
 f - 6 bread rations
 i - 8 meat rations
 K - 28 fruits
 O - a royal jelly


   Skills:
 - Level 5.1(4.3) Fighting
 + Level 11.1(10.1) Maces & Flails
 - Level 1.7(0.9) Throwing
 - Level 3.5(2.6) Armour
 - Level 5.0(4.1) Dodging
 - Level 3.3(2.5) Unarmed Combat


You had 9 spell levels left.
You didn't know any spells.

Dungeon Overview and Level Annotations

Branches:
Dungeon (10/15)            Temple (1/1) D:6             Orc (0/2) D:9
   Lair: D:8-11

Altars:
Ashenzari
Cheibriados
Dithmenos
Elyvilon
Fedhas
Gozag
Hepliaklqana
Kikubaaqudgha
Makhleb
Nemelex Xobeh
Okawaru
Pakellas
Qazlal
Ru
Sif Muna
Trog
Uskayaw
Vehumet
Xom
Yredelemnul
Zin
The Shining One

Shops:
D:5 %

Annotations:
D:8 Erolcha
D:10 exclusion: wyvern, Maud


Innate Abilities, Weirdness & Mutations

You have very sharp fingernails.
You have a pair of small horns on your head.
You have razor-sharp toenails.
A weak demonic guardian rushes to your aid.
You may emit foul miasma when damaged in melee.
You are immune to rotting.


Message History

Maud is almost dead.
Your crimson imp blinks!
You hit Maud. You claw Maud, but do no damage.
Maud is almost dead.
Maud hits you with a demon trident of draining.
You partially resist.
You feel drained.
You hit Maud but do no damage. You headbutt Maud, but do no damage.
Maud is almost dead.
You hit Maud but do no damage. You claw Maud, but do no damage.
Maud is almost dead.
Maud hits you with a demon trident of draining!!
You partially resist.
You feel drained.
You emit a cloud of foul miasma!
You hit Maud but do no damage. Your kick misses Maud.
You headbutt Maud, but do no damage.
Maud is almost dead.
Maud is engulfed in dark miasma.
Maud is poisoned.
Maud seems to slow down.
Maud hits you from afar with a demon trident of draining!!
* * * LOW HITPOINT WARNING * * *
You partially resist.
You feel drained.
You die...

#..#.#....# #..#.#..#.#
#..#.#....# #..#.#....#
#..#.#..#.# #..#.#....#
#..#@#....# .......
#.#..#.# ......#
#@#..#.# ...#..#
#5#..#.# ......##+#
#####5#....# .........#
#..........# ....#..#.#
#..#.......# ....#..#.#
#..#.......#
.........###..........#
#####'##..............#
# #...#.##..#..##..#.#


You could see Maud, a friendly iron imp and a friendly crimson imp.

Vanquished Creatures
  Sigmund (D:6)
  A shadow (D:10)
  A steam dragon (D:9)
  Menkaure (D:7)
  6 orc warriors
  3 sky beasts
  A black bear (D:7)
  2 phantoms
  A necrophage (D:9)
  An ogre (D:8)
  3 centaurs
  A big kobold (D:8)
  5 giant frogs
  Dowan (D:6)
  4 scorpions
  4 wights (D:7)
  2 crimson imps
  2 quasits
  A centaur zombie (D:7)
  4 orc priests
  3 hounds
  A jelly (D:7)
  2 giant frog skeletons
  2 centaur skeletons
  11 orc wizards
  4 worker ants
  A killer bee zombie (D:7)
  2 hound skeletons
  A worker ant zombie (D:6)
  3 gnolls (D:5)
  3 adders
  A howler monkey skeleton (D:8)
  2 shadow imps
  An ooze (D:1)
  3 adder zombies
  An adder skeleton (D:4)
  5 worms
  6 dart slugs
  2 giant geckos
  22 orcs
  8 giant cockroaches
  6 hobgoblins
  13 jackals
  6 kobolds
  5 quokkas
  A ball python (D:6)
  11 bats
  6 giant newts
  8 goblins
  A quokka skeleton (D:7)
  12 rats
198 creatures vanquished.

Vanquished Creatures (collateral kills)
  The ghost of MordorOrchid the Basher, a novice GrGl (D:7)
  Duvessa (D:6)
  An ice beast (D:5)
  A necrophage (D:6)
  2 giant frogs
  A scorpion (D:5)
  2 orcs
  A goblin (D:3)
  4 jackals (D:7)
  A giant newt (D:6)
15 creatures vanquished.

Vanquished Creatures (others)
  5 sheep (D:6)
5 creatures vanquished.

Grand Total: 218 creatures vanquished

Notes
Turn   | Place    | Note
--------------------------------------------------------------
     0 | D:1      | RadicalRoach the Demonspawn Gladiator began the quest for the Orb.
     0 | D:1      | Reached XP level 1. HP: 16/16 MP: 1/1
    66 | D:1      | Reached skill level 3 in Maces & Flails
   233 | D:1      | Gained mutation: A weak demonic guardian rushes to your aid. [demonic ancestry]
   233 | D:1      | Reached XP level 2. HP: 22/22 MP: 2/2
   560 | D:1      | Gained mutation: You have sharp fingernails. [demonic ancestry]
   560 | D:1      | Reached XP level 3. HP: 27/27 MP: 3/3
  1099 | D:2      | Reached skill level 1 in Unarmed Combat
  1423 | D:2      | You fall through a shaft!
  1803 | D:2      | Found a faded altar of an unknown god.
  1803 | D:2      | Found a bloodstained altar of Trog.
  1810 | D:2      | Gained mutation: You have sharp toenails. [demonic ancestry]
  1810 | D:2      | Reached XP level 4. HP: 31/33 MP: 4/4
  2172 | D:2      | Found a shattered altar of Ashenzari.
  2541 | D:3      | Gained mutation: You have very sharp fingernails. [demonic ancestry]
  2541 | D:3      | Reached XP level 5. HP: 36/38 MP: 5/5
  3147 | D:4      | Gained mutation: You are immune to rotting. [demonic ancestry]
  3147 | D:4      | Reached XP level 6. HP: 44/44 MP: 6/6
  3228 | D:4      | Found a glowing golden altar of the Shining One.
  3366 | D:5      | Entered Level 5 of the Dungeon
  3464 | D:5      | Reached skill level 5 in Dodging
  3538 | D:5      | Noticed an ice beast
  3568 | D:5      | Killed an ice beast
  3568 | D:5      | Reached skill level 1 in Armour
  3657 | D:5      | Found an ancient bone altar of Kikubaaqudgha.
  3979 | D:5      | Found Jiegeg's Food Boutique.
  4089 | D:6      | Noticed Sigmund
  4098 | D:6      | Killed Sigmund
  4098 | D:6      | Gained mutation: You have a pair of small horns on your head. [demonic ancestry]
  4098 | D:6      | Reached XP level 7. HP: 48/50 MP: 7/7
  4113 | D:6      | Found a burning altar of Makhleb.
  4279 | D:6      | Noticed Duvessa
  4279 | D:6      | Noticed Dowan
  4363 | D:6      | Killed Duvessa
  4445 | D:6      | Found a hazy altar of Hepliaklqana.
  4722 | D:6      | Reached skill level 5 in Fighting
  4785 | D:6      | Found a shimmering altar of Xom.
  4817 | D:6      | Found a staircase to the Ecumenical Temple.
  4827 | Temple   | Entered the Ecumenical Temple
  5109 | D:6      | Reached skill level 4 in Maces & Flails
  5109 | D:6      | Gained mutation: You have razor-sharp toenails. [demonic ancestry]
  5109 | D:6      | Reached XP level 8. HP: 61/62 MP: 8/8
  5192 | D:6      | Killed Dowan
  5545 | D:6      | Reached skill level 5 in Maces & Flails
  5860 | D:7      | Noticed MordorOrchid's ghost (novice GrGl)
  6015 | D:7      | Killed MordorOrchid's ghost
  6015 | D:7      | Reached skill level 6 in Maces & Flails
  6227 | D:7      | Reached skill level 7 in Maces & Flails
  6480 | D:7      | Reached XP level 9. HP: 68/68 MP: 9/9
  6552 | D:7      | Noticed Menkaure
  6577 | D:7      | Killed Menkaure
  6577 | D:7      | Reached skill level 8 in Maces & Flails
  6784 | D:7      | Found a basalt altar of Yredelemnul.
  6820 | D:7      | Found a white marble altar of Elyvilon.
  7602 | Temple   | Became a worshipper of Makhleb the Destroyer
  7787 | D:8      | Found a snail-covered altar of Cheibriados.
  7876 | D:8      | Reached skill level 9 in Maces & Flails
  7995 | D:8      | Noticed Erolcha
  8562 | D:8      | Reached * piety under Makhleb
  8777 | D:8      | Reached skill level 10 in Maces & Flails
  9094 | D:9      | Found a staircase to the Orcish Mines.
 10028 | D:9      | Gained mutation: You may emit foul miasma when damaged in melee. [demonic ancestry]
 10028 | D:9      | Reached XP level 10. HP: 74/74 MP: 10/10
 10086 | D:9      | Found a deep blue altar of Sif Muna.
 10086 | D:9      | Found an opulent altar of Gozag.
 10141 | D:9      | Found an opulent altar of Gozag.
 10170 | D:10     | Entered Level 10 of the Dungeon
 10274 | D:10     | Reached skill level 11 in Maces & Flails
 10572 | D:10     | Noticed Maud
 10617 | D:10     | HP: 2/74 [Maud/demon trident of draining (30)]
 10617 | D:10     | Slain by Maud

Vault maps used:
D:1:      dpeg_arrival_prison
D:2:      marbit_many_paths, nicolae_overflow_crystal_walls, ecumenical_altar_1
D:3:      first_bread
D:4:      tso_metal_star, minmay_crystal_water
D:5:      kiku_gazebo_pond_becter, serial_shops, kennysheep_little_box
D:6:      kb_xom_exploding_sheep, lemuel_doored_altar,
          makhleb_blood_cavern_becter, uniq_duvessa, uniq_sigmund
D:7:      yredelemnul_altar_generic, lemuel_coloured_pillars_altar,
          uniq_menkaure
D:8:      slow_altar_2, blue_anna_alchemist, uniq_erolcha
D:9:      nicolae_overflow_hidden_temple, orc_0_dummy, grunt_gozag_breadcrumbs
D:10:     lair_0_dummy, uniq_maud
Temple:   minmay_temple_curvy_loop

Skill      XL: |  1  2  3  4  5  6  7  8  9 10 |
---------------+-------------------------------+-----
Maces & Flails | 3 4 7 10 11 | 11.1
Unarmed Combat | 2 3 |  3.3
Dodging        | 3 4 5 |  5.0
Armour         | 3 |  3.5
Fighting       | 5 |  5.1
Throwing       | |  1.7

Action                   |  1- 3 |  4- 6 |  7- 9 | 10-12 || total
-------------------------+-------+-------+-------+-------++-------
Melee: Flail             |   157 |    10 |       |       ||   167
       Whip              |       |   174 |   321 |    61 ||   556
       Kick              |       |    43 |   121 |    26 ||   190
       Headbutt          |       |       |    71 |    16 ||    87
       Punch             |       |       |     6 |     2 ||     8
       Unarmed           |       |       |    38 |       ||    38
Throw: Throwing net      |     1 |       |     5 |     2 ||     8
Evoke: Wand              |       |       |    25 |     5 ||    30
  Use: Potion            |       |       |     4 |       ||     4
       Scroll            |       |       |     8 |       ||     8
 Stab: Sleeping          |     1 |       |     1 |     1 ||     3
       Paralysed         |       |       |    22 |       ||    22
       Distracted        |       |       |     1 |       ||     1
       Held in net/web   |       |       |       |     2 ||     2
  Eat: Chunk             |     3 |     7 |    12 |     2 ||    24
       Bread ration      |       |       |     1 |       ||     1
       Fruit             |       |       |     2 |       ||     2
Armor: Leather armour    |    67 |       |       |       ||    67
       Ring mail         |    15 |    63 |    96 |    12 ||   186
Dodge: Dodged            |   115 |    90 |   140 |    16 ||   361
